 Dungeon Crawl Stone Soup version 0.31-a0-355-g57cb03d3e8 (webtiles) character file.

Game seed: 6657872088079299356

40 randomguy2701 the Chopper (level 3, -2/33 HPs)
             Began as a Hill Orc Monk on July 24, 2023.
             Slain by a gnoll
             ... wielding a +0 club
              (3 damage)
             ... on level 1 of the Dungeon.
             The game lasted 00:02:46 (1278 turns).

randomguy2701 the Chopper (Hill Orc Monk)           Turns: 1278, Time: 00:02:47

Health: -2/33      AC:  8    Str: 15    XL:     3   Next: 50%
Magic:  3/3        EV:  7    Int: 10    God:
Gold:   86         SH:  0    Dex: 13    Spells: 2/2 levels left

rFire   . . .        a - +0 hand axe
rCold   . . .        d - orb {light}
rNeg    . . .        k - +0 chain mail
rPois   .            (no helmet)
rElec   .            (no cloak)
rCorr   .            (no gloves)
SInv    .            (no boots)
Will    .....        (no amulet) Stlth
                     (no ring)
HPRegen 0.25/turn    (no ring)
MPRegen 0.08/turn

%: no passive effects
@: glowing
A: no striking features
a: no special abilities


You were on level 1 of the Dungeon.
You visited 1 branch of the dungeon, and saw 2 of its levels.

You collected 86 gold pieces.

Inventory:

Hand Weapons
 a - a +0 hand axe (weapon)
Armour
 b - a +0 robe
 d - an orb of light (worn)
 k - a +0 chain mail (worn)
Jewellery
 j - an amulet of magic regeneration
Scrolls
 i - 2 scrolls of torment {unknown}
 l - a scroll of noise {unknown}
 m - a scroll of teleportation {unknown}
 n - a scroll of immolation {unknown}
Potions
 c - a potion of ambrosia
 e - a potion of attraction {unknown}
 f - a potion of might {unknown}
 g - 3 potions of magic {unknown}
 h - a potion of mutation {unknown}


   Skills:
 + Level 4.1 Fighting
 - Level 4.5 Axes
 * Level 2.1 Armour
 - Level 2.4 Dodging


You had 2 spell levels left.
You didn't know any spells.
Your spell library was empty.

Dungeon Overview and Level Annotations

Branches:
Dungeon (2/15)

Altars:

Shops:
D:2 (


Message History

The gnoll attacks as you move away! The gnoll barely misses you.
The gnoll attacks as you move away! The gnoll hits you but does no damage.
The gnoll attacks as you move away! The gnoll hits you with a +0 club.
* * * LOW HITPOINT WARNING * * *
The gnoll attacks as you move away! The gnoll closely misses you.
The gnoll attacks as you move away! The gnoll hits you but does no damage.
The gnoll attacks as you move away! The gnoll hits you with a +0 club.
The gnoll attacks as you move away! The gnoll barely misses you.
The gnoll attacks as you move away! The gnoll hits you but does no damage.
There is an open door here.
There is an entrance to Ochoqopn's Weapon Emporium here.
The gnoll attacks as you move away! The gnoll hits you but does no damage.
The gnoll attacks as you move away! The gnoll hits you with a +0 club.
You see here a +0 short sword.
The gnoll attacks as you move away! The gnoll closely misses you.
The gnoll attacks as you move away! The gnoll hits you with a +0 club.
* * * LOW HITPOINT WARNING * * *
The gnoll attacks as you move away! The gnoll completely misses you.
The gnoll attacks as you move away! The gnoll barely misses you.
The gnoll attacks as you move away! The gnoll hits you but does no damage.
The gnoll attacks as you move away! The gnoll barely misses you.
The gnoll attacks as you move away! The gnoll hits you with a +0 club.
There is an escape hatch in the ceiling here.
The gnoll hits you with a +0 club.
* * * LOW HITPOINT WARNING * * *
A mysterious force pulls you upwards. The hatch slams shut behind you.
The gnoll hits you with a +0 club.
* * * LOW HITPOINT WARNING * * *
The gnoll attacks as you move away! The gnoll closely misses you.
You hit the gnoll.
The gnoll is heavily wounded.
The gnoll closely misses you.
You hit the gnoll.
The gnoll is severely wounded.
The gnoll hits you with a +0 club.
* * * LOW HITPOINT WARNING * * *
You barely miss the gnoll.
The gnoll is severely wounded.
The gnoll barely misses you. The gnoll hits you with a +0 club.
You die...

....##########...#####.#
..##......####...# #.#
..##......#......# #.#
..##......#.####.# #.#
..#.........# #.# #.#
..#.......######.#####.#
..#......#.............#
......[..#.#....g......#
..##.....#.#.###@......#
..##.....#.#.###.......#
####.....#.#...........#
#######.#...........#
#...รท..#)..........#
#.#........#.......# ##
#.#.####...#######(#
.####.#.# #...# #.#
....#.#.# ##### #.#


You could see a gnoll.

Vanquished Creatures
  An adder (D:2)
  A worm (D:2)
  2 dart slugs
  3 bats (D:1)
  A giant cockroach (D:1)
  A goblin (D:1)
  A hobgoblin (D:1)
  3 quokkas (D:2)
  3 ball pythons (D:1)
  A frilled lizard (D:2)
  5 kobolds
  4 rats (D:1)
26 creatures vanquished.

Notes
Turn   | Place    | Note
-------+----------+-------------------------------------------
     0 | D:1      | randomguy2701 the Hill Orc Monk began the quest for the
                  | Orb.
     0 | D:1      | Reached XP level 1. HP: 19/19 MP: 1/1
     9 | D:1      | Noticed a centaur
   100 | D:1      | Reached XP level 2. HP: 23/27 MP: 2/2
   133 | D:1      | Reached skill level 1 in Armour
   746 | D:2      | Reached XP level 3. HP: 33/33 MP: 3/3
  1137 | D:2      | Found Ochoqopn's Weapon Emporium.
  1277 | D:1      | HP: 1/33 [gnoll/+0 club (2)]
  1278 | D:1      | Slain by a gnoll

Illustrated notes

Levels and vault maps discovered:
D:1:      evilmike_arrival_come_back, layout_basic
D:2:      layout_basic, serial_shops, shop

Skill      XL: |  1  2 |
---------------+-------+-----
Armour         | 2 |  2.1
Fighting       | 4 |  4.1
Axes           | |  4.5
Dodging        | |  2.4

Action                     || total
---------------------------++-------
  Melee: Hand axe          ||    76
 Armour: Robe              ||     7
         Chain mail        ||    15
  Dodge: Dodged            ||    41

Table legend: (Time is in decaauts)
 A = Elapsed time spent in this place.
 B = Non-inter-level travel time spent in this place.
 C = Inter-level travel time spent in this place.
 D = Time resting spent in this place.
 E = Time spent auto-exploring this place.
 F = Levels seen in this place.
 G = Mean time per level.
                   A        B        C        D        E       F      G
               +--------+--------+--------+--------+--------+-----+--------+
         Total |   1283 |   1191 |     92 |      0 |    950 |   2 |  641.5 |
       Dungeon |   1283 |   1191 |     92 |      0 |    950 |   2 |  641.5 |
               +--------+--------+--------+--------+--------+-----+--------+

Top non-repeatable levels by time:
     D:1: 717 daAuts
     D:2: 566 daAuts
